Map: Sequenz LE

Players

Korvin

  • Race: Protoss Protoss
  • League: Diamond
  • Spawn Location: 7:00

PhiLKrÖtE - Winner!

  • Race: Protoss Protoss
  • League: Platinum
  • Spawn Location: 1:00

VOD

Have the link to the VOD?

Description

Only wonna show and know who ahead?!

Time

  • Played on: May 24, 2017, 2:49 p.m.
  • Length: 12:27
Show
View Real Time Build Order
Export as new Build Order

Korvin Protoss 

Build Orders: Blink Stalkers 

Get SALT Encoding   

  12  0:01  Probe (Chrono Boost)  
  13  0:11  Probe (Chrono Boost)  
  14  0:18  Pylon  
  14  0:23  Probe (Chrono Boost)  
  15  0:36  Probe (Chrono Boost)  
  15  0:38  Gateway  
  16  0:47  Probe (Chrono Boost)  
  17  0:52  Gateway  
  17  0:58  Probe (Chrono Boost)  
  17  1:01  Assimilator  
  18  1:08  Probe (Chrono Boost)  
  18  1:09  Assimilator  
  19  1:19  Probe (Chrono Boost)  
  19  1:23  Pylon  
  20  1:30  Cybernetics Core  
  20  1:33  Probe (Chrono Boost)  
  21  1:45  Probe (Chrono Boost)  
  22  1:55  Probe (Chrono Boost)  
  23  2:06  Stalker x2  
  27  2:12  Probe (Chrono Boost)  
  28  2:20  Pylon  
  28  2:26  Mothership Core (Chrono Boost), Pylon  
  30  2:37  Twilight Council  
  30  2:41  Stalker  
  32  2:45  Probe (Chrono Boost)  
  33  3:18  Nexus  
  33  3:25  Warp Gate  
  33  3:28  Probe (Chrono Boost)  
  34  3:35  Blink  
  34  3:38  Robotics Facility  
  34  4:02  Forge  
  34  4:03  Stalker x2  
  34  4:09  Probe (Chrono Boost)  
  39  4:19  Assimilator  
  39  4:22  Assimilator  
  39  4:27  Pylon  
  39  4:32  Probe (Chrono Boost)  
  39  4:33  Probe (Chrono Boost)  
  41  4:41  Protoss Ground Weapons Level 1  
  41  4:47  Immortal  
  41  4:51  Probe (Chrono Boost)  
  47  4:52  Probe (Chrono Boost)  
  47  5:04  Probe (Chrono Boost)  
  47  5:05  Probe (Chrono Boost), Pylon  
  49  5:18  Probe x2 (Chrono Boost)  
  51  5:26  Gateway  
  51  5:27  Immortal  
  55  5:32  Pylon  
  55  5:34  Probe (Chrono Boost)  
  57  5:36  Probe (Chrono Boost)  
  57  5:46  Stalker x2  
  61  5:50  Probe (Chrono Boost)  
  59  6:02  Probe (Chrono Boost)  
  59  6:04  Probe (Chrono Boost)  
  61  6:10  Gateway  
  61  6:11  Stalker  
  63  6:12  Pylon  
  63  6:13  Stalker  
  63  6:15  Pylon  
  65  6:24  Robotics Bay  
  66  6:27  Probe (Chrono Boost)  
  66  6:31  Probe (Chrono Boost)  
  67  6:34  Warp Prism  
  67  6:39  Probe (Chrono Boost)  
  70  6:41  Probe (Chrono Boost)  
  70  6:44  Stalker  
  73  6:51  Probe (Chrono Boost)  
  50  7:35  Sentry, Stalker x3  
  58  7:38  Probe (Chrono Boost)  
  58  7:39  Probe (Chrono Boost)  
  60  7:48  Nexus, Gateway  
  60  7:50  Gateway, Pylon  
  60  7:52  Pylon  
  60  7:56  Pylon  
  60  7:57  Protoss Ground Armor Level 1  
  60  8:00  Pylon  
  55  8:26  Stalker x4  
  56  8:50  Zealot x3  
  56  8:51  Zealot  
  62  8:58  Mothership Core (Chrono Boost)  
  64  9:04  Gateway  
  64  9:06  Gateway x2  
  63  9:10  Probe (Chrono Boost)  
  61  9:24  Probe (Chrono Boost)  
  61  9:26  Probe (Chrono Boost)  
  61  9:28  Probe (Chrono Boost)  
  63  9:34  Disruptor  
  63  9:37  Dark Shrine  
  67  9:43  Robotics Facility  
  66  9:48  Probe x2 (Chrono Boost)  
  66  9:49  Probe (Chrono Boost)  
  69  9:57  Assimilator  
  69  10:00  Zealot x5  
  69  10:03  Sentry  
  81  10:12  Disruptor  
  81  10:15  Charge  
  84  10:29  Forge  
  84  10:30  Disruptor  
  84  10:34  Sentry x3  
  84  10:35  Sentry x3  
  99  10:41  Gateway  
  99  10:45  Gateway  
  99  10:48  Photon Cannon  
  99  10:49  Photon Cannon  
  100  10:50  Probe (Chrono Boost)  
  100  11:05  Dark Templar x4  
  100  11:09  Disruptor  
  111  11:13  Archon  
  111  11:14  Archon  
  111  11:18  Stalker x2  
  115  11:29  Probe (Chrono Boost)  
  115  11:31  Probe (Chrono Boost)  
  117  11:37  Probe (Chrono Boost)  
  119  11:40  Probe (Chrono Boost)  
  105  11:57  Stalker x5  
  105  11:58  Stalker x2  
Show
View Real Time Build Order
Export as new Build Order

PhiLKrÖtE Protoss - Winner!

Build Orders: 1 Gate Expand 

Get SALT Encoding   

  12  0:01  Probe (Chrono Boost)  
  13  0:11  Probe (Chrono Boost)  
  14  0:19  Pylon  
  15  0:28  Probe (Chrono Boost)  
  15  0:39  Probe (Chrono Boost)  
  15  0:41  Gateway  
  16  0:44  Assimilator  
  16  0:49  Probe (Chrono Boost)  
  17  1:00  Probe (Chrono Boost)  
  18  1:10  Probe (Chrono Boost)  
  19  1:24  Nexus  
  19  1:28  Probe (Chrono Boost)  
  20  1:39  Cybernetics Core  
  21  1:40  Probe (Chrono Boost)  
  21  1:49  Pylon  
  21  1:51  Probe (Chrono Boost)  
  22  1:55  Assimilator  
  22  2:02  Probe (Chrono Boost)  
  23  2:09  Gateway  
  23  2:16  Mothership Core (Chrono Boost)  
  23  2:20  Adept  
  27  2:32  Warp Gate  
  27  2:35  Probe (Chrono Boost)  
  28  2:38  Probe (Chrono Boost)  
  29  2:47  Probe (Chrono Boost)  
  29  2:48  Probe (Chrono Boost)  
  31  2:53  Pylon  
  31  2:55  Pylon  
  31  2:58  Adept  
  33  3:01  Adept  
  35  3:28  Stargate  
  37  3:41  Adept x2  
  37  3:44  Probe x2 (Chrono Boost)  
  37  3:47  Assimilator  
  40  3:48  Pylon  
  40  3:59  Probe x2 (Chrono Boost)  
  42  4:16  Gateway  
  42  4:17  Gateway  
  42  4:18  Probe (Chrono Boost)  
  42  4:19  Probe (Chrono Boost)  
  42  4:20  Oracle  
  47  4:33  Robotics Facility  
  47  4:37  Probe (Chrono Boost)  
  49  4:39  Probe (Chrono Boost)  
  49  4:40  Sentry  
  49  4:41  Adept  
  53  4:50  Probe (Chrono Boost)  
  53  4:51  Assimilator  
  53  4:52  Probe (Chrono Boost)  
  55  4:53  Phoenix  
  57  5:05  Pylon  
  57  5:08  Adept x2  
  61  5:14  Phoenix  
  63  5:21  Observer  
  63  5:26  Adept x2  
  68  5:29  Sentry  
  68  5:30  Adept  
  73  5:36  Probe (Chrono Boost)  
  73  5:37  Probe (Chrono Boost)  
  74  5:46  Probe (Chrono Boost)  
  74  5:49  Probe (Chrono Boost)  
  76  6:02  Probe (Chrono Boost)  
  76  6:03  Probe (Chrono Boost)  
  75  6:09  Pylon  
  75  6:10  Pylon  
  75  6:13  Phoenix  
  75  6:14  Protoss Air Weapons Level 1  
  75  6:15  Pylon  
  75  6:16  Gateway  
  75  6:18  Gateway  
  77  6:28  Immortal  
  81  6:33  Pylon  
  81  6:36  Adept x2  
  81  6:37  Sentry x2  
  89  6:47  Pylon  
  89  6:50  Phoenix  
  89  6:51  Robotics Facility  
  83  7:20  Adept x3  
  89  7:24  Immortal  
  89  7:47  Probe (Chrono Boost)  
  89  7:49  Probe (Chrono Boost)  
  89  7:50  Immortal  
  95  7:59  Nexus  
  95  8:01  Probe (Chrono Boost)  
  95  8:02  Probe (Chrono Boost)  
  95  8:03  Immortal  
  101  8:11  Probe (Chrono Boost)  
  102  8:14  Probe (Chrono Boost)  
  97  8:50  Probe (Chrono Boost)  
  97  8:51  Probe (Chrono Boost)  
  95  9:01  Probe (Chrono Boost)  
  93  9:04  Probe (Chrono Boost)  
  91  9:16  Immortal  
  91  9:17  Immortal  
  89  9:26  Assimilator  
  89  9:34  Adept  
  89  9:35  Adept x2  
  95  9:43  Twilight Council  
  95  9:44  Phoenix  
  95  9:46  Gateway  
  95  9:47  Gateway  
  95  9:49  Gateway  
  95  9:51  Gateway  
  95  9:52  Gateway  
  97  9:54  Gateway  
  97  9:58  Observer  
  97  9:59  Observer  
  99  10:00  Adept x2  
  99  10:01  Sentry  
  99  10:02  Adept x2  
  99  10:06  Phoenix  
  111  10:21  Adept x2  
  115  10:22  Adept x2  
  115  10:27  Phoenix  
  119  10:29  Templar Archives  
  119  10:32  Immortal  
  125  11:04  Pylon  
  125  11:05  Psionic Storm, Pylon  
  125  11:06  Forge, Pylon  
  125  11:09  Forge  
  125  11:11  Pylon  
  125  11:22  Probe (Chrono Boost), Immortal  
  125  11:23  Probe (Chrono Boost)  
  125  11:25  Adept x4  
  135  11:26  Adept x5  
Tags
 
Composition
Blink Stalkers
Matchup
PvP
Spawn Locations
Cross Positions
Add a new tag
Caveats
  • Supply blocks, unpowered buildings, or Contaminate may cause inaccurate times.
  • Supply counts are checked every 10 seconds.